[Event "Early-Titled-Tuesday-Blitz-February-27-2024"]
[Site "Chess.com"]
[Date "2024.02.27"]
[Round "5"]
[White "Maikrosoft63"]
[Black "AlainBruxelles"]
[Result "1-0"]
[WhiteElo "2603"]
[BlackElo "2442"]
[TimeControl "180+1"]
[EndTime "8:53:17 PST"]
[Termination "Maikrosoft63 won by resignation"]

1. e4 c5 2. Nf3 d6 3. d4 cxd4 4. Nxd4 Nf6 5. Nc3 Nc6 6. Bg5 e6 7. Qd2 Bd7 8. O-O-O a6 9. f4 b5 10. Bxf6 gxf6 11. Nxc6 Bxc6 12. Kb1 Qb6 13. f5 e5 14. Nd5 Bxd5 15. Qxd5 Rc8 16. Be2 Qc5 17. Qd2 h5 18. c3 h4 19. a4 Ke7 20. axb5 axb5 21. Qd5 Bh6 22. Bxb5 Rhd8 23. Ba4 Rc7 24. Bb3 Kf8 25. Qxc5 Rxc5 26. Rd3 Rb8 27. Bd5 Rcb5 28. b4 Ke7 29. Rhd1 R5b6 30. Kb2 Bf4 31. g3 hxg3 32. hxg3 Bg5 33. Ra1 Rd8 34. Ra7+ Rd7 35. Ra8 Rb5 36. Bc6 1-0

[Event "Early-Titled-Tuesday-Blitz-February-27-2024"]
[Site "Chess.com"]
[Date "2024.02.27"]
[Round "5"]
[White "artin10862"]
[Black "Rawnsdale"]
[Result "1-0"]
[WhiteElo "2880"]
[BlackElo "2523"]
[TimeControl "180+1"]
[EndTime "8:53:18 PST"]
[Termination "artin10862 won by checkmate"]

1. e4 c6 2. d4 d5 3. e5 c5 4. dxc5 e6 5. Nf3 Bxc5 6. a3 Nc6 7.
b4 Bb6 8. Bb2 Nh6 9. Bd3 O-O 10.
O-O Nf5 11. Nbd2 Bd7 12. c4 dxc4 13. Nxc4 Nce7 14. Nxb6 axb6 15. b5 Nd5 16. Bxf5 Bxb5 17. Bd3 Ba4 18. Qd2 Qe7 19. Ng5 h6 20. Ne4 Rfd8 21. Nd6 Bc6 22. Bc2 Qh4 23. Qd3 Nf4 24. Qh7+ Kf8 25. Be4 Rxd6 26. exd6 Ke8 27. Bxc6+ bxc6 28.
Qg8+ Kd7 29. Qxa8 Qg4 30. Qb7+ Kxd6 31. Rad1+ Kc5 32. Rc1+ Kd5 33. Qxc6# 1-0

[Event "Early-Titled-Tuesday-Blitz-February-27-2024"]
[Site "Chess.com"]
[Date "2024.02.27"]
[Round "5"]
[White "djano"]
[Black "LuisFSiles"]
[Result "1-0"]
[WhiteElo "2609"]
[BlackElo "2315"]
[TimeControl "180+1"]
[EndTime "8:53:18 PST"]
[Termination "djano won on time"]

1. e4 c5 2. Nc3 Nc6 3. f4 g6 4. Nf3 Bg7 5. Bc4 e6 6. O-O Nge7 7. Qe1 O-O 8. d3 d5 9. Bb3 Na5 10. f5 Nxb3 11. axb3 dxe4 12. f6 Bxf6 13. Nxe4 Bg7 14. Bg5 f6 15. Be3 b6 16. Kh1 Bb7 17. b4 cxb4 18. Bf4 e5 19. Bd2 Nd5 20. c3 bxc3 21. bxc3 a6 22. d4 Nf4 23. dxe5 fxe5 24. Nfg5 Qd5 25. c4 Qc6 26. Bb4 h6 27. Bxf8 Rxf8 28. Qg3 hxg5 29. Rae1 Qxc4 30. Nd6 Qd5 31. Nxb7 Qxb7 32.
Qxg5 Rf5 33. Qd8+ Kh7 34. Qh4+ Rh5 35. Qg4 Bf6 36. Rd1 Rg5 37. Rd7+ Qxd7 38. Qxd7+ Kh6 39.
g3 1-0

[Event "Early-Titled-Tuesday-Blitz-February-27-2024"]
[Site "Chess.com"]
[Date "2024.02.27"]
[Round "5"]
[White "LeoLV10"]
[Black "edgarhay012"]
[Result "0-1"]
[WhiteElo "2475"]
[BlackElo "2632"]
[TimeControl "180+1"]
[EndTime "8:53:19 PST"]
[Termination "edgarhay012 won by checkmate"]

1. e4 c5 2. Nf3 e6 3. d4 cxd4 4. Nxd4 Nf6 5. Nc3 Nc6 6. Nxc6 bxc6 7. e5 Nd5 8. Ne4 Qc7 9. f4 Qb6 10. c4 Ne3 11. Qd3 Bb4+ 12. Bd2 Nxf1 13. Rxf1 O-O 14.
a3 Bxd2+ 15. Qxd2 Ba6 16. Nd6 f6 17. O-O-O Rab8 18. g3 Qb3 19. Qc2 Qa2 20. Qb1 Bxc4 21. Qxa2 Bxa2 22. Rfe1 Bd5 23. Rd2 Rb3 24. Kc2 Rfb8 25.
Kc1 f5 26. Ree2 a5 27. Rd4 Rf3 28. Rd1 h6 29. Rde1 Rfb3 30. Rf2 a4 31. Ree2 Rd3 32. Rd2 Re3 33. Rde2 Reb3 34. Rd2 g5 35. Rc2 Kg7 36. Rc5 Rd3 37. Rcc2 Kg6 38. Rcd2 Rdb3 39. Rc2 g4 40. Rc5 Rd3 41. Rcc2 h5 42. Rc5 Bb3 43. Rc3 Rd1# 0-1

[Event "Early-Titled-Tuesday-Blitz-February-27-2024"]
[Site "Chess.com"]
[Date "2024.02.27"]
[Round "5"]
[White "Truequitos"]
[Black "Kotofeyca"]
[Result "1-0"]
[WhiteElo "2591"]
[BlackElo "2432"]
[TimeControl "180+1"]
[EndTime "8:53:19 PST"]
[Termination "Truequitos won on time"]

1. Nf3 d5 2. g3 c6 3. Bg2 Bg4 4.
Ne5 Bh5 5. c4 e6 6. Qb3 Qb6 7.
Nc3 Bd6 8. d4 Nf6 9. Bf4 Bxe5 10. Bxe5 dxc4 11. Qxc4 Qxb2 12. Rb1 Qa3 13. O-O Qe7 14.
Nb5 O-O 15. Nc7 Na6 16. Nxa8 Rxa8 17. Rfc1 Nd5 18. Qb3 Nb6 19. a4 Bxe2 20. a5 Nd5 21. Qxb7 Qxb7 22. Rxb7 Nab4 23. Bf1 Bxf1 24. Kxf1 a6 25.
Bd6 Nd3 26. Rxc6 h5 27. Rb8+ Rxb8 28. Bxb8 1-0

[Event "Early-Titled-Tuesday-Blitz-February-27-2024"]
[Site "Chess.com"]
[Date "2024.02.27"]
[Round "5"]
[White "Fluffey"]
[Black "Bkmzzzzz"]
[Result "0-1"]
[WhiteElo "2508"]
[BlackElo "2394"]
[TimeControl "180+1"]
[EndTime "8:53:19 PST"]
[Termination "Bkmzzzzz won by checkmate"]

1. d4 d5 2. Bf4 e6 3. e3 Nf6 4.
Nf3 Bd6 5. Ne5 O-O 6. Nd2 c5 7. c3 Nc6 8. Ndf3 Ne4 9. Bd3 f6 10.
Nxc6 bxc6 11. Bxe4 dxe4 12. Bxd6 Qxd6 13. Nd2 f5 14.
Qa4 cxd4 15. cxd4 c5 16. dxc5 Qxc5 17. O-O Rd8 18. Rac1 Qe7 19. Nb3 Bb7 20. g3 g6 21.
Rc5 Bd5 22. Nd4 Qxc5 23. b4 Qc4 24. a3 a5 25. Rb1 axb4 26. Qxb4 Qxb4 27. axb4 Rdb8 28.
b5 Rb6 29. Rc1 Ra7 30. Rc5 Kf7 31. Kg2 h5 32. h3 Ke7 33. g4 hxg4 34. hxg4 Kd6 35. Rc8 Ra8 36. Rc3 Rb7 37. gxf5 gxf5 38. Kf1 Ra2 39. Rc2 Rxc2 40. Nxc2 Rxb5 41. Nd4 Rb2 42. Kg2 Ke7 43. Kg3 Kf6 44. f4 exf3 45. e4 fxe4 46. Kf4 e5+ 47. Ke3 exd4+ 48. Kf4 f2 49. Kg4 f1=Q 50. Kg3 Qf3+ 51. Kh4 Rh2# 0-1

[Event "Early-Titled-Tuesday-Blitz-February-27-2024"]
[Site "Chess.com"]
[Date "2024.02.27"]
[Round "5"]
[White "Chess4always"]
[Black "AnaKuchava"]
[Result "1-0"]
[WhiteElo "1972"]
[BlackElo "2182"]
[TimeControl "180+1"]
[EndTime "8:53:19 PST"]
[Termination "Chess4always won on time"]

1. d4 d5 2. Nf3 Nf6 3. Bf4 Bf5 4. e3 e6 5. Ne5 Bd6 6. g4 Bxe5 7. dxe5 Nxg4 8.
Be2 Nh6 9. Bxh6 gxh6 10. c4 c6 11. Nc3 Qc7 12. f4 Qb6 13. Qd2 Nd7 14. a4 Nc5 15. a5 Qb4 16. Ra3 Rd8 17. cxd5 cxd5 18.
Nb5 Qxd2+ 19. Kxd2 Ke7 20. Bf3 Ne4+ 21. Bxe4 Bxe4 22.
Rc1 a6 23. Nd6 Rd7 24. Rac3 f6 25. Nc8+ Kf7 26. exf6 Kxf6 27. Nb6 Re7 28. Rc7 Rhe8 29. Ke2 Rxc7 30. Rxc7 Re7 31. Rc8 Rg7 32. Rf8+ Ke7 33. Rb8 Rg2+ 34. Kf1 Rxb2 35. Rxb7+ Kd6 36. Nc4+ Kc5 37.
Rxb2 1-0

[Event "Early-Titled-Tuesday-Blitz-February-27-2024"]
[Site "Chess.com"]
[Date "2024.02.27"]
[Round "5"]
[White "kai_nov"]
[Black "Juicy_Fork"]
[Result "0-1"]
[WhiteElo "2335"]
[BlackElo "2520"]
[TimeControl "180+1"]
[EndTime "8:53:20 PST"]
[Termination "Juicy_Fork won by resignation"]

1. e4 e5 2. Nf3 Nc6 3. Bc4 Nf6 4. O-O Bc5 5. d4 exd4 6. e5 d5 7. exf6 dxc4 8. fxg7 Rg8 9. Re1+ Be6 10. Ng5 Qd5 11. Nc3 Qf5 12. Nxe6 fxe6 13. Ne4 O-O-O 14. Bg5 Be7 15.
Bxe7 Nxe7 16. Qf3 Rxg7 17. Qxf5 Nxf5 18. Nc5 Nh4 19. Nxe6 Rxg2+ 20. Kf1 Rd6 21. Nc5 Rg8 22. Re4 Nf3 23. Ke2 Ng5 24. Rg4 Re8+ 25. Kf1 Nf3 26. Rf4 Nxh2+ 27. Kg2 Rg8+ 28. Kxh2 Rh6+ 0-1

[Event "Early-Titled-Tuesday-Blitz-February-27-2024"]
[Site "Chess.com"]
[Date "2024.02.27"]
[Round "5"]
[White "Better_Chess_Faster"]
[Black "Matalon"]
[Result "1-0"]
[WhiteElo "2138"]
[BlackElo "2455"]
[TimeControl "180+1"]
[EndTime "8:53:21 PST"]
[Termination "Better_Chess_Faster won by checkmate"]

1. d4 Nf6 2. Bg5 c5 3. d5 Qb6 4. Nc3 Qxb2 5. Bd2 Qb6 6. Rb1 Qd8 7. e4 d6 8. f4 g6 9. Nf3 Bg7 10. Bb5+ Kf8 11. O-O a6 12. Bd3 b5 13. e5 dxe5 14. fxe5 Nxd5 15. Ng5 f5 16. exf6 exf6 17. Nxd5 Qxd5 18.
Be4 Qd4+ 19. Kh1 Ra7 20. c3 Qd8 21. Qf3 Re7 22. Rbd1 Qb6 23. Bf4 Nd7 24. Bd6 Ke8 25.
Bc6 fxg5 26. Bxe7 Kxe7 27. Qf7+ Kd8 28. Bxd7 Rf8 29. Be8+ Bd4 30. Qxf8 Bb7 31. cxd4 c4 32. Bxb5+ Kc7 33. Bxc4 Qc6 34. d5 Qa4 35. Qc5+ Kd7 36. Rf7+ Ke8 37. Qe7# 1-0

[Event "Early-Titled-Tuesday-Blitz-February-27-2024"]
[Site "Chess.com"]
[Date "2024.02.27"]
[Round "5"]
[White "Shuvalov"]
[Black "AcostaPablo"]
[Result "1-0"]
[WhiteElo "2499"]
[BlackElo "2625"]
[TimeControl "180+1"]
[EndTime "8:53:22 PST"]
[Termination "Shuvalov won by checkmate"]

1. d4 Nf6 2. c4 e6 3. Nc3 Bb4 4. e3 O-O 5. a3 Bxc3+ 6. bxc3 c5 7. Ne2 b6 8. Ng3 Nc6 9. e4 d6 10. Ra2 e5 11. d5 Na5 12. Bd3 Ba6 13. Qe2 Qd7 14. a4 Qg4 15. f3 Qd7 16. Bg5 Ne8 17. h4 f6 18. Be3 Rb8 19. h5 Nc7 20. Nf5 Rfe8 21. Rh3 Kh8 22. Rg3 Rg8 23. Nh4 Rgf8 24. f4 exf4 25. Bxf4 Rbe8 26. Nf5 Qxf5 27. exf5 Rxe2+ 28. Rxe2 Bxc4 29. Bxd6 Rc8 30. Bxc7 Bxd5 31. Re7 Nc6 32.
Rexg7 Re8+ 33. Kd2 c4 34. Bc2 Ne7 35. h6 Ng8 36.
Bf4 Rd8 37. Kc1 a6 38. Ra7 Re8 39. Rgg7 Re1+ 40. Kd2 Rh1 41. Rxh7# 1-0

[Event "Early-Titled-Tuesday-Blitz-February-27-2024"]
[Site "Chess.com"]
[Date "2024.02.27"]
[Round "5"]
[White "Keures"]
[Black "kibromNNN"]
[Result "1-0"]
[WhiteElo "2370"]
[BlackElo "1792"]
[TimeControl "180+1"]
[EndTime "8:53:24 PST"]
[Termination "Keures won on time"]

1. d4 Nf6 2. c4 e6 3. Nc3 d5 4. cxd5 exd5 5. Bg5 Be7 6. e3 O-O 7. Bd3 Nbd7 8. f3 Re8 9. Nge2 c6 10. O-O Nf8 11. e4 dxe4 12. fxe4 Bg4 13. Bxf6 Bxf6 14. e5 Bg5 15. Bc4 Ne6 16. h3 Bh5 17. g4 Bg6 18.
Kg2 Be3 19. Bxe6 Rxe6 20. Rf3 Bg5 21. Qa4 b5 22. Qb4 a5 23. Qc5 b4 24. Na4 Be4 25. Rf1 h5 26. Ng3 Bxf3+ 27. Rxf3 hxg4 28. hxg4 Be7 29. Qc4 Rb8 30. b3 Bf8 31. Ne4 1-0

[Event "Early-Titled-Tuesday-Blitz-February-27-2024"]
[Site "Chess.com"]
[Date "2024.02.27"]
[Round "5"]
[White "ajedrezsinlimites"]
[Black "C_K_G"]
[Result "1-0"]
[WhiteElo "2560"]
[BlackElo "2154"]
[TimeControl "180+1"]
[EndTime "8:53:24 PST"]
[Termination "ajedrezsinlimites won on time"]

1. e4 c5 2. Nf3 d6 3. d4 cxd4 4. Nxd4 Nf6 5. Nc3 a6 6. h4 e5 7.
Nb3 h5 8. Bg5 Be6 9. Bxf6 Qxf6 10.
Nd5 Qd8 11. Qd2 Nd7 12. O-O-O Rc8 13. Kb1 Nf6 14. Nxf6+ Qxf6 15. g3 Be7 16. f4 Bg4 17. Re1 O-O 18. Be2 Qe6 19. f5 Qd7 20. Bxg4 hxg4 21.
Qe2 Qc6 22. Rh2 d5 23. Qxg4 dxe4 24. Qxe4 Qc7 25. g4 Rfd8 26. g5 a5 27. f6 Bb4 28.
c3 Bf8 29. fxg7 Bxg7 30. h5 a4 31. Qxa4 e4 32. Rhe2 Bxc3 33. bxc3 Qxc3 34. Qxe4 Rc6 35. g6 fxg6 36. hxg6 Rcd6 37. Rc1 Qf6 38. Qxb7 R6d7 39. Qe4 Kg7 40. Rh2 Kg8 41. Rh7 Rxh7 42. gxh7+ Kh8 43.
Qc2 Qg5 44. Qc3+ Kxh7 45. Rh1+ Kg6 46. Qc6+ Kg7 47. Qc7+ 1-0

[Event "Early-Titled-Tuesday-Blitz-February-27-2024"]
[Site "Chess.com"]
[Date "2024.02.27"]
[Round "5"]
[White "Hovik_Hayrapetyan"]
[Black "bazar-wokzal"]
[Result "1-0"]
[WhiteElo "2889"]
[BlackElo "2674"]
[TimeControl "180+1"]
[EndTime "8:53:26 PST"]
[Termination "Hovik_Hayrapetyan won by resignation"]

1. d4 Nf6 2. c4 Nc6 3. Nf3 e6 4. a3 g6 5. Nc3 Bg7 6. Bg5 h6 7. Bh4 d5 8. e3 O-O 9. Bd3 Ne7 10. Ne5 b6 11. Qf3 g5 12. Bg3 Bb7 13. cxd5 Nexd5 14. h4 Rb8 15. Nxd5 Qxd5 16. hxg5 hxg5 17. Qe2 c5 18. Ng4 cxd4 19. Nxf6+ Bxf6 20. Bh7+ Kg7 21. Qh5 Qa5+ 22. b4 1-0

[Event "Early-Titled-Tuesday-Blitz-February-27-2024"]
[Site "Chess.com"]
[Date "2024.02.27"]
[Round "5"]
[White "esrosenberg"]
[Black "Predator0608"]
[Result "1-0"]
[WhiteElo "2438"]
[BlackElo "2572"]
[TimeControl "180+1"]
[EndTime "8:53:27 PST"]
[Termination "esrosenberg won by resignation"]

1. d4 b6 2. Bg5 Bb7 3. Nc3 h6 4.
Bh4 g6 5. Nf3 Bg7 6. e3 Nf6 7.
Bc4 d6 8. a4 a5 9. O-O Nbd7 10.
Re1 O-O 11. e4 e5 12. dxe5 dxe5 13. Nd5 g5 14. Bg3 Ne8 15. c3 c6 16. Ne3 Kh7 17. Nf5 Bf6 18. Qd2 Qc7 19. Rad1 Rd8 20. Qc1 Bc8 21.
h4 Ng7 22. hxg5 Nxf5 23. exf5 hxg5 24. Nxg5+ Kg7 25. Bxf7 Nc5 26. Bg6 Nd3 27. Rxd3 Rxd3 28. Nh7 Rxg3 29. fxg3 Bd8 30. Nxf8 Kxf8 31. Qh6+ Kg8 32.
Rxe5 1-0

[Event "Early-Titled-Tuesday-Blitz-February-27-2024"]
[Site "Chess.com"]
[Date "2024.02.27"]
[Round "5"]
[White "eightbyeightchess"]
[Black "abeljusto"]
[Result "1-0"]
[WhiteElo "2403"]
[BlackElo "2103"]
[TimeControl "180+1"]
[EndTime "8:53:27 PST"]
[Termination "eightbyeightchess won on time"]

1. e4 c5 2. Nf3 d6 3. d4 cxd4 4. Qxd4 Bd7 5. c4 Nc6 6. Qe3 g6 7. Be2 Bg7 8. O-O Nf6 9. h3 Rc8 10. Nc3 O-O 11. Qg5 h6 12. Qh4 Kh7 13. Rd1 Ng8 14.
Nd5 e6 15. Qxd8 Rfxd8 16. Ne3 Bf8 17. b3 Nf6 18. Nd2 Be8 19. Bb2 Bg7 20. Rab1 Ne5 21. f3 g5 22. Ndf1 Ng6 23. Rd2 Nf4 24. Rbd1 Nxe2+ 25. Rxe2 d5 26. exd5 exd5 27. Bxf6 Bxf6 28. Nxd5 Bg7 29.
Re7 1-0

[Event "Early-Titled-Tuesday-Blitz-February-27-2024"]
[Site "Chess.com"]
[Date "2024.02.27"]
[Round "5"]
[White "krzyzan94"]
[Black "chesstrainer2042"]
[Result "1-0"]
[WhiteElo "2796"]
[BlackElo "2559"]
[TimeControl "180+1"]
[EndTime "8:53:28 PST"]
[Termination "krzyzan94 won by resignation"]

1. Nf3 Nf6 2. g3 d5 3. Bg2 Bf5 4. O-O e6 5. c4 c6 6. d3 Nbd7 7. Nc3 Be7 8. cxd5 exd5 9. e4 dxe4 10. dxe4 Nxe4 11. Nd4 Nxc3 12. bxc3 Bg6 13. Re1 O-O 14. Bxc6 Nc5 15. Bxb7 Nxb7 16. Nc6 Qxd1 17. Nxe7+ Kh8 18. Nxg6+ hxg6 19. Rxd1 Rac8 20. Rd7 Nd8 21. Rxa7 Rxc3 22.
a4 Nc6 23. Rc7 Rc4 24. Be3 f5 25. Kg2 Ra8 26. a5 Ra6 27. Bb6 Ne5 28. Rb7 Rc2 29.
Bd4 Ng4 30. Bxg7+ Kg8 31. Bd4 Kf8 32. h3 Nh6 33. Bg7+ 1-0

[Event "Early-Titled-Tuesday-Blitz-February-27-2024"]
[Site "Chess.com"]
[Date "2024.02.27"]
[Round "5"]
[White "m_ezat"]
[Black "AlexPapasimakopoulos"]
[Result "0-1"]
[WhiteElo "2511"]
[BlackElo "2745"]
[TimeControl "180+1"]
[EndTime "8:53:28 PST"]
[Termination "AlexPapasimakopoulos won on time"]

1. d4 e6 2. c4 d5 3. Nc3 a6 4. Nf3 Nf6 5. Bg5 dxc4 6. a4 Bb4 7. e3 h6 8. Bxf6 Qxf6 9. Bxc4 O-O 10. O-O c5 11. Ne4 Qe7 12. d5 exd5 13. Bxd5 Be6 14. Bxe6 Qxe6 15. Ng3 Nc6 16. Qc2 c4 17. Rad1 Rad8 18.
h3 b5 19. axb5 axb5 20. Nf5 Bc5 21. g4 Rfe8 22. Qc3 Bf8 23. N3d4 Nxd4 24. Rxd4 g6 25. Rxd8 Rxd8 26. Nd4 Qe5 27. Nf3 Qd5 28. Qf6 Bg7 29. Qf4 g5 30. Qc7 Bxb2 31. e4 Qd7 32. Qb6 Bg7 33. Rb1 c3 34. Qc5 Rc8 0-1

[Event "Early-Titled-Tuesday-Blitz-February-27-2024"]
[Site "Chess.com"]
[Date "2024.02.27"]
[Round "5"]
[White "Pelusiansky"]
[Black "semchik73"]
[Result "1-0"]
[WhiteElo "2598"]
[BlackElo "2437"]
[TimeControl "180+1"]
[EndTime "8:53:28 PST"]
[Termination "Pelusiansky won by resignation"]

1. d4 d5 2. c4 c6 3. Nc3 Nf6 4. Nf3 dxc4 5. a4 Bf5 6. e3 e6 7.
Bxc4 Bb4 8. O-O O-O 9. Qe2 Nbd7 10. e4 Bg4 11. e5 Nd5 12. Bd2 Qe7 13. h3 Bh5 14. a5 b6 15. axb6 axb6 16. Bd3 f6 17. exf6 N7xf6 18. Rxa8 Rxa8 19. g4 Nxg4 20. hxg4 Bxg4 21.
Nxd5 cxd5 22. Bxb4 Qxb4 23. Qe3 Bxf3 24. Qxf3 Qxd4 25.
Qh3 g6 26. Qxe6+ Kg7 27. Qe7+ Kh6 28. Qe3+ Qxe3 29. fxe3 Re8 30. Kf2 Ra8 31. Rd1 Ra2 32. Rd2 Kg5 33. Be2 Kf6 34. Bf3 h5 35. Bxd5 h4 36.
Bxa2 1-0

[Event "Early-Titled-Tuesday-Blitz-February-27-2024"]
[Site "Chess.com"]
[Date "2024.02.27"]
[Round "5"]
[White "Chess_Gainz"]
[Black "hmatyi07"]
[Result "1-0"]
[WhiteElo "2531"]
[BlackElo "2304"]
[TimeControl "180+1"]
[EndTime "8:53:28 PST"]
[Termination "Chess_Gainz won by checkmate"]

1. e4 c5 2. Nf3 e6 3. d4 cxd4 4.
Nxd4 Nf6 5. Nc3 Nc6 6. a3 Be7 7. Be3 O-O 8. f4 d5 9. e5 Nd7 10.
Qf3 Bc5 11. O-O-O Qb6 12. Na4 Qa5 13. Nxc5 Nxc5 14. Nxc6 bxc6 15. Bxc5 Qxc5 16. Bd3 a5 17.
f5 exf5 18. Bxf5 Bxf5 19. Qxf5 Rab8 20. Rd3 Rb7 21. Rc3 Qd4 22. Rd1 Qa4 23. Rh3 g6 24. Qg5 Rfb8 25. Qh6 f5 26. exf6 Qe4 27. Re3 Qf5 28.
Re7 Qxf6 29. Qxh7+ Kf8 30. Rxb7 Qf4+ 31. Kb1 Re8 32. Qg7# 1-0

[Event "Early-Titled-Tuesday-Blitz-February-27-2024"]
[Site "Chess.com"]
[Date "2024.02.27"]
[Round "5"]
[White "bescmelasti"]
[Black "Jospem"]
[Result "0-1"]
[WhiteElo "2645"]
[BlackElo "3060"]
[TimeControl "180+1"]
[EndTime "8:53:29 PST"]
[Termination "Jospem won by resignation"]

1. e4 c5 2. Nf3 d6 3. d4 cxd4 4.
Nxd4 a6 5. c4 e6 6. Nc3 Nf6 7.
Be2 b6 8. O-O Bb7 9. f3 Nbd7 10.
Be3 Be7 11. Rc1 O-O 12. Qe1 Rc8 13. Qg3 Nh5 14. Qh3 Nhf6 15. Qg3 Re8 16. Rfd1 Qc7 17. b3 Qb8 18. Qf2 Bf8 19. Bf1 d5 20. cxd5 exd5 21.
Nxd5 Bxd5 22. exd5 Nxd5 23. Nc6 Rxc6 24. Rxc6 Nxe3 25.
Rxd7 Bc5 26. Qg3 Nf5+ 27. Rxc5 Nxg3 28. Rcc7 Nf5 29. Bc4 Kh8 30. Bxf7 Rf8 31. Be6 Qe8 0-1

[Event "Early-Titled-Tuesday-Blitz-February-27-2024"]
[Site "Chess.com"]
[Date "2024.02.27"]
[Round "5"]
[White "Chessdreamer2020"]
[Black "tetrix83"]
[Result "0-1"]
[WhiteElo "2536"]
[BlackElo "2539"]
[TimeControl "180+1"]
[EndTime "8:53:29 PST"]
[Termination "tetrix83 won on time"]

1. e4 c5 2. Nf3 e6 3. b3 d5 4.
Bb5+ Bd7 5. Bxd7+ Qxd7 6. exd5 exd5 7. O-O Nf6 8. Re1+ Be7 9. d4 O-O 10. Bb2 Ne4 11. Nbd2 f5 12. Ne5 Qe6 13. f3 Nxd2 14. Qxd2 Qd6 15. dxc5 Qxc5+ 16. Bd4 Qd6 17. Rad1 Nc6 18.
Nxc6 bxc6 19. Qc3 Rf7 20. b4 Qxb4 21. Qxc6 Rd8 22. Bxa7 d4 23. Bb6 Rd6 24. Qe8+ Bf8 25. Qb8 Rxb6 26. Qa8 Rb8 27. Qd5 Qc5 28. Qe6 d3+ 29. Kh1 Rb6 0-1

[Event "Early-Titled-Tuesday-Blitz-February-27-2024"]
[Site "Chess.com"]
[Date "2024.02.27"]
[Round "5"]
[White "Dyadya81"]
[Black "DumbKing75"]
[Result "1-0"]
[WhiteElo "2850"]
[BlackElo "2644"]
[TimeControl "180+1"]
[EndTime "8:53:30 PST"]
[Termination "Dyadya81 won on time"]

1. e4 c5 2. Nc3 Nc6 3. Bb5 Nd4 4. Bc4 e6 5. Nge2 a6 6. a4 Nc6 7.
O-O Nf6 8. d4 d5 9. exd5 exd5 10. Ba2 cxd4 11. Nxd4 Be7 12. h3 O-O 13. Bf4 Qb6 14.
Be3 Bc5 15. Nce2 Nxd4 16. Bxd4 Re8 17. Bxc5 Qxc5 18. Nd4 Bd7 19. c3 Ne4 20. Bb3 Re5 21.
Nf3 Rh5 22. Qd4 Qd6 23. Rfe1 Re8 24. Rad1 Qg6 25. Kh2 Bxh3 26. gxh3 Qf5 27. Ng1 Qf4+ 28. Kh1 Nxf2+ 29. Qxf2 1-0

[Event "Early-Titled-Tuesday-Blitz-February-27-2024"]
[Site "Chess.com"]
[Date "2024.02.27"]
[Round "5"]
[White "pfalcon1949"]
[Black "InitiatingASC"]
[Result "1-0"]
[WhiteElo "1900"]
[BlackElo "2355"]
[TimeControl "180+1"]
[EndTime "8:53:30 PST"]
[Termination "pfalcon1949 won by resignation"]

1. e4 c5 2. Nf3 Nc6 3. d4 cxd4 4. Nxd4 Nf6 5. Nc3 e5 6. Ndb5 h6 7. Nd5 Nxd5 8. exd5 a6 9. Na3 Nb8 10. c4 d6 11. Bd3 Be7 12. O-O O-O 13. Nc2 a5 14. f4 Nd7 15. Kh1 Nc5 16. b3 e4 17. Be2 Bf6 18. Rb1 Re8 19. Ne3 Bd7 20. Bb2 Bxb2 21. Rxb2 Qf6 22. Rd2 Qc3 23. Ng4 a4 24. Rc2 Qb4 25. f5 axb3 26. axb3 Qxb3 27. f6 Bxg4 28. Bxg4 g6 29. Qd2 Kh7 30. Rc3 Qa2 31. Qf4 Qb2 32.
Rh3 h5 33. Bxh5 Kg8 34. Bxg6 fxg6 35. f7+ Kf8 1-0

[Event "Early-Titled-Tuesday-Blitz-February-27-2024"]
[Site "Chess.com"]
[Date "2024.02.27"]
[Round "5"]
[White "Andrey_Klymchuk"]
[Black "jcibarra"]
[Result "0-1"]
[WhiteElo "2717"]
[BlackElo "2947"]
[TimeControl "180+1"]
[EndTime "8:53:32 PST"]
[Termination "jcibarra won by resignation"]

1. e4 c5 2. Nf3 Nc6 3. Nc3 e6 4. d4 cxd4 5. Nxd4 Nf6 6. a3 Be7 7. Be3 O-O 8. Be2 a6 9. f4 d6 10. O-O Qc7 11. Qe1 Nxd4 12. Bxd4 e5 13. Be3 exf4 14.
Rxf4 Be6 15. Qg3 d5 16. exd5 Nxd5 17. Nxd5 Bxd5 18. Bd4 f6 19. Bd3 Bd6 20. Qh3 Bxf4 21. Qxh7+ Kf7 22. Re1 Bxh2+ 23. Kh1 Be5 24. Qg6+ Ke7 25.
Bxe5 fxe5 26. Qxg7+ Kd6 27. Qxe5+ Kc6 28. Qc3+ Kb6 29.
Qd4+ Qc5 0-1

[Event "Early-Titled-Tuesday-Blitz-February-27-2024"]
[Site "Chess.com"]
[Date "2024.02.27"]
[Round "5"]
[White "Viacheslav92"]
[Black "the_blue_pill"]
[Result "0-1"]
[WhiteElo "2549"]
[BlackElo "2420"]
[TimeControl "180+1"]
[EndTime "8:53:32 PST"]
[Termination "the_blue_pill won by resignation"]

1. d4 Nf6 2. Bg5 e6 3. e4 h6 4. Bxf6 Qxf6 5. Nc3 Bb4 6. Ne2 e5 7. dxe5 Qxe5 8. Qd4 Qxd4 9. Nxd4 Bxc3+ 10. bxc3 d6 11. f3 a6 12. Bc4 Nd7 13. Kf2 Ne5 14. Bd3 Ke7 15. a4 c5 16. Nf5+ Bxf5 17. exf5 d5 18.
Rhb1 Rab8 19. Rb6 Nd7 20. Re1+ Kd8 21. Rd6 Kc7 22. Rxd5 Rhe8 23. Rxe8 Rxe8 24. Be4 b6 25. Rd1 a5 26. Bd3 Ne5 27. Bb5 Rd8 28. Rxd8 Kxd8 29. Ke3 Ke7 30. Ke4 Kd6 31. h3 f6 32. g4 Nf7 33.
Bc4 Ne5 34. Bd5 Nxf3 35. Kxf3 Kxd5 36. Ke3 Kc4 37. Kd2 b5 38. axb5 Kxb5 39. Kc1 Kc4 40. Kb2 a4 41. h4 a3+ 42. Kxa3 Kxc3 43. Ka4 Kxc2 44. Kb5 Kd3 45. Kxc5 Ke4 46. Kd6 Kf4 47. Ke6 Kxg4 48. Kf7 Kxh4 49. Kxg7 Kg5 0-1

[Event "Early-Titled-Tuesday-Blitz-February-27-2024"]
[Site "Chess.com"]
[Date "2024.02.27"]
[Round "5"]
[White "Alex_Sahakyan2006"]
[Black "DonMicheleCorleone"]
[Result "1-0"]
[WhiteElo "2830"]
[BlackElo "2519"]
[TimeControl "180+1"]
[EndTime "8:53:35 PST"]
[Termination "Alex_Sahakyan2006 won by resignation"]

1. e4 e6 2. d4 d5 3. exd5 exd5 4. Nf3 Bd6 5. Nc3 c6 6. Bd3 Ne7 7. Ne2 O-O 8. O-O Bf5 9. Ng3 Bxd3 10. Qxd3 Qd7 11.
Re1 Na6 12. c3 Nc7 13. Ng5 Ng6 14. Nf5 Ne6 15. Qh3 h6 16. Nxe6 fxe6 17. Rxe6 Bf4 18. Nxh6+ Bxh6 19. Bxh6 Qf7 20. Be3 Nf4 21. Bxf4 Qxf4 22.
Qe3 Qf5 23. Re5 Qc2 24. Qe2 Qa4 25. a3 Rf7 26. Re1 Raf8 27. Re8 Qb3 28. Qe6 Kh7 29. Rxf8 Rxf8 30. Qe2 Rf6 31. g3 b5 32. Qd3+ Kg8 33.
Qe2 Kh7 34. Qh5+ Rh6 35. Qf5+ Rg6 36. Re6 Qd1+ 37. Kg2 Qg4 38. Qxg6+ Qxg6 39. Rxg6 Kxg6 40. b4 Kf5 41. Kf3 g5 42. g4+ Ke6 43. Kg3 Kf6 44.
h4 Kg6 45. hxg5 Kxg5 46. f4+ Kg6 47. Kh4 Kh6 48. f5 Kg7 49. g5 Kf7 50. Kg4 1-0

[Event "Early-Titled-Tuesday-Blitz-February-27-2024"]
[Site "Chess.com"]
[Date "2024.02.27"]
[Round "5"]
[White "tarno17"]
[Black "whiteglovethief"]
[Result "0-1"]
[WhiteElo "2143"]
[BlackElo "2497"]
[TimeControl "180+1"]
[EndTime "8:53:37 PST"]
[Termination "whiteglovethief won on time"]

1. e4 e6 2. d4 d5 3. Nd2 c5 4.
exd5 exd5 5. Bb5+ Nc6 6. Ne2 Bd6 7. Nf3 Nf6 8. O-O O-O 9. Bg5 Bg4 10. Bxc6 bxc6 11. Ng3 h6 12. Be3 cxd4 13. Bxd4 Bxg3 14. fxg3 Ne4 15. b4 a5 16. c3 axb4 17. cxb4 Qb8 18.
a3 Qb5 19. Qc2 Bxf3 20. Rxf3 f5 21. Raf1 Qc4 22. Qb2 g6 23. Bh8 Rf7 24. g4 Kh7 25. gxf5 g5 26. Be5 Re8 27. Bc7 Rxc7 28. Kh1 Rf7 29.
h3 Ng3+ 30. Kg1 Nxf1 31. Rxf1 Qe2 32. Qb1 Re4 33. f6 Kg6 34. a4 Rxf6 35. Rxf6+ Kxf6 36. Qa1+ d4 37. Qa3 Qe3+ 0-1